 Dungeon Crawl Stone Soup version 0.19.5 (webtiles) character file.

59 equalderp2856 the Scratcher (level 3, -4/17 HPs)
             Began as a Felid Fighter on Mar 26, 2017.
             Slain by a hobgoblin
             ... wielding a +0 club
              (8 damage)
             ... on level 2 of the Dungeon.
             The game lasted 00:04:35 (1340 turns).

equalderp2856 the Scratcher (Felid Fighter)         Turns: 1340, Time: 00:04:35

Health: -4/17      AC:  1    Str: 13    XL:     3   Next: 78%
Magic:  4/4        EV: 19    Int:  9    God:
Gold:   27         SH:  0    Dex: 15    Spells: 0 memorised, 2 levels left
                                        Lives:  0   Deaths: 0

rFire  . . .     SeeInvis +       - Unarmed
rCold  . . .     Gourm    .     (armour unavailable)
rNeg   . . .     Faith    .     (shield unavailable)
rPois  .         Spirit   .     (helmet unavailable)
rElec  .         Reflect  .     (cloak unavailable)
rCorr  .         Harm     .     (gloves unavailable)
MR     .....                    (boots unavailable)
Stlth  ++........               (no amulet)
                                (no ring)
                                (no ring)

@: quick
A: no armour, no weapons or thrown items, stealth, claws 1, fangs 3, see
invisible, carnivore 3, speed 1, shaggy fur 1, slow metabolism 1, sharp paws
a: no special abilities


You were on level 2 of the Dungeon.
You were completely stuffed.

You visited 1 branch of the dungeon, and saw 2 of its levels.

You collected 27 gold pieces.

Inventory:

Scrolls
 d - a scroll of immolation {unknown}
 h - a scroll of enchant armour {unknown}
 k - a scroll of random uselessness {unknown}
Potions
 a - 3 potions of might
 e - a potion of flight {unknown}
 f - a potion of degeneration {unknown}
 g - a potion of magic {unknown}
 i - 3 potions of curing {unknown}
 j - a potion of mutation {unknown}
 l - a potion of agility {unknown}
Comestibles
 b - 2 meat rations
 c - a bread ration
 m - 2 chunks of flesh


   Skills:
 + Level 3.4 Fighting
 + Level 4.4 Dodging
 + Level 5.0 Unarmed Combat


You had 2 spell levels left.
You didn't know any spells.

Dungeon Overview and Level Annotations

Branches:
Dungeon (2/15)

Altars:
Qazlal


Innate Abilities, Weirdness & Mutations

You cannot wear armour.
You are incapable of wielding weapons or throwing items.
Your paws allow you to move quietly. (Stealth)
You have sharp claws.
You have razor-sharp teeth.
You have supernaturally acute eyesight. (SInv)
You are carnivorous and can eat meat at any time.
You cover ground quickly.
You are covered in fur. (AC +1)
You have a slow metabolism.
Your sharp claws are effective at attacking unaware monsters.


Message History

The quokka closely misses you.
You scratch the quokka but do no damage.
You bite the quokka, but do no damage. The quokka misses you.
You barely miss the quokka. The quokka misses you.
You miss the quokka. The quokka bites you.
* * * LOW HITPOINT WARNING * * *
You scratch the quokka.
You kill the quokka!
You start resting.
A hobgoblin comes into view. It is wielding a club.
The hobgoblin shouts!
Found a stormy altar of Qazlal.
Found an escape hatch in the floor.
The hobgoblin hits you with a club.
* * * LOW HITPOINT WARNING * * *
You scratch the hobgoblin. Your bite misses the hobgoblin.
The hobgoblin is heavily wounded.
You closely miss the hobgoblin.
The hobgoblin is heavily wounded.
The hobgoblin hits you with a club!
You die...

..............++..
#....###.....##..
#....# #....(####
#....###.....#
#.....)......#
##.......######
#........#
#g######## #@#
.######.#
.§......#
≈≈......#
§≈≈.....#
##≈#...## #
§≈≈≈§§. . .>≈≈§..
. _8≈§§§§ .


You could see a hobgoblin.

Vanquished Creatures
  An adder (D:2)
  3 dart slugs (D:1)
  A leopard gecko (D:2)
  4 bats (D:1)
  5 goblins (D:1)
  7 hobgoblins (D:1)
  6 jackals
  A kobold (D:1)
  A quokka (D:2)
  A ball python (D:1)
  5 frilled lizards
  4 rats (D:1)
39 creatures vanquished.

Notes
Turn   | Place    | Note
-------+----------+-------------------------------------------
     0 | D:1      | equalderp2856 the Felid Fighter began the quest for the Orb.
     0 | D:1      | Reached XP level 1. HP: 10/10 MP: 2/2
    71 | D:1      | Reached XP level 2. HP: 8/14 MP: 3/3
   803 | D:1      | Reached XP level 3. HP: 17/17 MP: 4/4
  1166 | D:2      | Reached skill level 5 in Unarmed Combat
  1334 | D:2      | Found a stormy altar of Qazlal.
  1340 | D:2      | Slain by a hobgoblin

Skill      XL: |  1  2  3 |
---------------+----------+-----
Unarmed Combat | 5 |  5.0
Fighting       | |  3.4
Dodging        | |  4.4

Action                   || total
-------------------------++-------
Melee: Unarmed           ||    93
       Bite              ||    14
       Punch             ||     1
 Stab: Sleeping          ||     1
  Eat: Chunk             ||     8
Armor: Skin              ||     7
Dodge: Dodged            ||    90
